 Dungeon Crawl Stone Soup version 0.28.0 (webtiles) character file.

Game seed: 14283053463098999153

169 bande the Covered (level 5, -3/49 HPs)
             Began as a Gargoyle Fighter on Feb 6, 2022.
             Killed from afar by a starcursed mass (8 damage)
             ... with an accursed screaming
             ... on level 1 of the Abyss.
             The game lasted 00:05:14 (3128 turns).

bande the Covered (Gargoyle Fighter)                Turns: 3128, Time: 00:05:15

Health: -3/49      AC: 22    Str: 19    XL:     5   Next: 50%
Magic:  5/5        EV:  2    Int:  9    God:
Gold:   147        SH:  5    Dex: 11    Spells: 4/4 levels left

rFire   + . .      SeeInvis .   a - +0 war axe
rCold   . . .      Faith    .   c - +1 buckler
rNeg    + . .      Spirit   .   (armour currently unavailable)
rPois   ∞          Reflect  .   (helmet currently unavailable)
rElec   .          Harm     .   (cloak currently unavailable)
rCorr   .          Rampage  .   (gloves currently unavailable)
Will    .....      NoTele   +   (boots currently unavailable)
Stlth   +.........              (no amulet)
HPRegen 0.16/turn               l - ring of protection from fire
MPRegen 0.09/turn               (no ring)

@: tree-form
A: stationary, stasis, torment immunity, boosted hp, sickness immunity, AC +4,
negative energy resistance 1, (electricity resistance), torment resistance 1,
petrification resistance
a: no special abilities


You were on level 1 of the Abyss.
You were a tree.
You visited 1 branch of the dungeon, and saw 3 of its levels.
You visited the Abyss 1 time.

You collected 147 gold pieces.

Inventory:

Hand Weapons
 a - a +0 war axe (weapon)
 g - a +0 war axe
 i - a +0 flail
Armour
 b - a +0 scale mail (melded)
 c - a +1 buckler (worn)
 e - a +0 pair of boots (melded)
 n - a +0 cloak (melded)
Jewellery
 l - a ring of protection from fire (left branch)
Wands
 f - a wand of flame (19)
 o - a wand of mindburst (22)
Scrolls
 h - a scroll of identify {unknown}
 j - 2 scrolls of fog
 m - a scroll of brand weapon {unknown}
Potions
 d - 3 potions of might


   Skills:
 + Level 4.1 Fighting
 + Level 3.2 Axes
 + Level 4.3 Armour
 + Level 4.0 Shields
 * Level 0.1 Evocations


You had 4 spell levels left.
You didn't know any spells.
Your spell library was empty.

Dungeon Overview and Level Annotations

Branches:
Dungeon (3/15)

Altars:

Annotations:
D:3 Crazy Yiuf


Innate Abilities, Weirdness & Mutations

You are a tree.
Your roots penetrate the ground, keeping you stationary.
You cannot be teleported.
You are immune to unholy pain and torment.
Your maximum health is greatly increased.
Your equipment is partially melded.
You are immune to sickness and miasma.
((Your stone body is resilient. (AC +4)))
You are immune to poison.
You resist negative energy. (rN+)
((You are resistant to electric shocks. (rElec)))
You are resistant to unholy torment.
You are immune to petrification.


Message History

There is an open door here.
There is an open door here.
Crazy Yiuf shouts!
Could not explore, unopened runed door.
You open the door. You slash Crazy Yiuf!
Crazy Yiuf is heavily wounded.
Crazy Yiuf hits you but does no damage.
You are cast into the Abyss!
This branch contains the abyssal rune of Zot.
There is an open translucent door here.
A starcursed mass splits.
A chorus of shrieks assaults your mind.
A starcursed mass splits.
A starcursed mass splits. x2
A starcursed mass splits.
A spatial vortex comes into view.
A starcursed mass splits.
A starcursed mass splits.
A spatial vortex comes into view.
A spatial vortex comes into view.
A starcursed mass splits.
A large abomination comes into view.
A chorus of shrieks assaults your mind. A chorus of shrieks assaults your mind.
* * * LOW HITPOINT WARNING * * *
A starcursed mass splits.
A chorus of shrieks assaults your mind.
* * * LOW HITPOINT WARNING * * *
A small abomination comes into view.
It was a potion of lignification.
You turn into a tree.
Your +0 cloak melds into your body.
Your +0 pair of boots melds into your body.
Your +0 scale mail melds into your body.
Your roots penetrate the ground.
There are monsters nearby!
There are monsters nearby!
There are monsters nearby!
A chorus of shrieks assaults your mind.
You die...

.# ##..#.X....#
###..###...#X.. .#..
..#..#.#......##.##....
#.......##..X..#. .# .
#....#.#.#X..#...##. .
#....#.... ..###.#.X #
##.#..#.#.#....## . #
..#...#.X...###.#..#.
......x♣###.# ..# #.
#.......# ### #.#
##....#.. .. #.#....#..
. ##. . ... .... #.#.
.. .. #.#. .....# ##..


You could see 4 starcursed masses and a small abomination.

Vanquished Creatures
  Jessica (D:2)
  Ijyb (D:3)
  3 gnolls (D:2)
  3 adders
  2 dart slugs (D:2)
  5 endoplasms
  3 giant cockroaches
  6 goblins
  5 hobgoblins
  6 jackals
  4 kobolds
  A quokka (D:1)
  3 ball pythons
  4 bats
  3 frilled lizards
  6 rats
56 creatures vanquished.

Notes
Turn   | Place    | Note
-------+----------+-------------------------------------------
     0 | D:1      | bande the Gargoyle Fighter began the quest for the Orb.
     0 | D:1      | Reached XP level 1. HP: 14/14 MP: 1/1
   297 | D:1      | Reached XP level 2. HP: 17/19 MP: 2/2
   384 | D:1      | Found a faded altar of an unknown god.
   651 | D:2      | Noticed Jessica
   656 | D:2      | Killed Jessica
   657 | D:2      | Reached XP level 3. HP: 7/24 MP: 3/3
   932 | D:2      | Reached XP level 4. HP: 9/29 MP: 4/4
  1753 | D:3      | Noticed Ijyb
  1764 | D:3      | Killed Ijyb
  1765 | D:3      | Reached XP level 5. HP: 21/33 MP: 5/5
  2299 | D:3      | Found a runed translucent door.
  2300 | D:3      | Noticed Crazy Yiuf
  3026 | D:3      | Cast into level 1 of the Abyss (Crazy Yiuf)
  3089 | Abyss:1  | Noticed a starcursed mass
  3103 | Abyss:1  | Noticed a spatial vortex
  3105 | Abyss:1  | Noticed a spatial vortex
  3106 | Abyss:1  | Noticed a spatial vortex
  3114 | Abyss:1  | Noticed a large abomination
  3123 | Abyss:1  | Noticed a small abomination
  3128 | Abyss:1  | Killed from afar by a starcursed mass

Illustrated notes

Levels and vault maps discovered:
D:1:      wander_arrival_fairy_ring, layout_rooms,
          shapermc_ecumenical_altar_acropolis, chequers_serial_rivers_micro_d,
          st_stairs_6, minmay_misc_feat_square
D:2:      layout_loops_ring, minmay_misc_feat_room, uniq_jessica
D:3:      layout_loops_corners, minmay_quantized, uniq_crazy_yiuf_cottage,
          uniq_ijyb
Abyss:1:  base:
D:2

Skill      XL: |  1  2  3  4  5 |
---------------+----------------+-----
Axes           | 2 3 |  3.2
Fighting       | 4 |  4.1
Armour         | 4 |  4.3
Shields        | 4 |  4.0
Evocations     | |  0.1

Action                   |  1- 3 |  4- 6 || total
-------------------------+-------+-------++-------
Melee: War axe           |    44 |   119 ||   163
  Use: Scroll            |       |     6 ||     6
       Potion            |       |     1 ||     1
Armor: Scale mail        |    19 |    70 ||    89
Dodge: Dodged            |    17 |    57 ||    74
Block: Buckler           |    10 |    34 ||    44
